 Dungeon Sprint DCSS version 0.17-a0-1564-g7b572aa (webtiles) character file.

761 nuthulu the Protected (level 7, -1/73 HPs)
             Began as a Minotaur Fighter on July 21, 2015.
             Slain by a polar bear (8 damage)
             ... in the Dungeon (Sprint II: "The Violet Keep of Menkaure").
             The game lasted 00:03:20 (798 turns).

nuthulu the Protected (Minotaur Fighter)             Turns: 798, Time: 00:03:20

Health: -1/73      AC: 11    Str: 21    XL:     7   Next: 51%
Magic:  6/6        EV:  9    Int:  5    God:
Gold:   9          SH: 12    Dex: 11    Spells: 0 memorised, 6 levels left

rFire  . . .     SeeInvis .     a - +0 flail
rCold  . . .     Clarity  .     b - +0 scale mail
rNeg   . . .     SustAt   .     c - +0 shield
rPois  .         Gourm    .     (helmet restricted)
rElec  .         Spirit   .     j - +0 cloak
rCorr  .         Warding  .     l - +0 pair of gloves
rMut   .         NoTele   +     (no boots)
MR     .....                    (no amulet)
Stlth  ..........               (no ring)
                                (no ring)

@: not resistant to hostile enchantments, extremely unstealthy
A: retaliatory headbutt, horns 2
a: no special abilities


You were in the Dungeon.
You were not hungry.

You visited 1 branch You collected 243 gold pieces.
You spent 234 gold pieces at shops.

Inventory:

Hand weapons
 a - a +0 flail (weapon)
Armour
 b - a +0 scale mail (worn)
 c - a +0 shield (worn)
 j - a +0 cloak (worn)
 l - a +0 pair of gloves (worn)
Scrolls
 k - a scroll of blinking
Potions
 f - a potion of curing
 h - a potion of haste
 i - 2 potions of magic
Comestibles
 d - 2 chunks of flesh
 e - a bread ration


   Skills:
 + Level 10.7 Fighting
 + Level 9.5 Maces & Flails
 + Level 10.7 Armour
 - Level 0.2 Dodging
 + Level 10.6 Shields


You had 6 spell levels left.
You didn't know any spells.

Dungeon Overview and Level Annotations

Branches:
Dungeon (1/1)

Altars:
Qazlal
Sif Muna
Trog
Vehumet
Zin
The Shining One
Lugonu

Shops:
D :}[=:[=?!*%[![(=

Annotations:
D exclusions: oklob plant and orange crystal statue


Innate Abilities, Weirdness & Mutations

You reflexively headbutt those who attack you in melee.
You have a pair of horns on your head.


Message History

* * * LOW HITPOINT WARNING * * *
The polar bear claws you but does no damage.
You block the polar bear's attack.
Unknown command.
Drink which item? (? for menu, Esc to quit)
You feel much better.
The orange crystal statue is engulfed in mutagenic fog.
The polar bear bites you!
* * * LOW HITPOINT WARNING * * *
The polar bear claws you but does no damage. x2
You hit the polar bear. You headbutt the polar bear.
The polar bear is almost dead.
Your unstable footing causes you to fumble your attack.
The orange crystal statue is engulfed in mutagenic fog.
Cornered, the polar bear turns to fight!
The polar bear is engulfed in a cloud of scalding steam.
You barely miss the polar bear.
The polar bear is almost dead.
The polar bear goes berserk!
The polar bear bites you!
You die...

..∩.∩..#≈#.#.##.##.B.#..# .# h
...∩.∩.÷≈'##.'.<.+# +..### .##.
....∩.∩#≈##..##.##.B$#....###.^y#
▓▓▓▓▓###≈##.###÷# .##......≈≈≈≈≈
hh######≈≈####.#.####≈≈...§.§#+##
.s#h ##≈≈≈#.# #.#≈≈≈≈≈≈≈..≈#.._
P)+. #+#≈## ##≈≈(≈≈≈≈≈.§#._. .[ (
#≈≈##+##c≈≈§§§§≈≈≈§#.._ $.
##≈≈≈≈@hh≈≈≈§§≈≈≈≈§#.⌠. +
#+++#+++#≈§§§≈≈§§≈#.._ §§≈≈≈
##§≈≈###§≈#... §§§§§§§§≈##≈≈#
§§#... +≈≈§§§8§≈§§≈+≈≈# ≈§#...
##≈≈§§§§§§≈##≈≈§≈ §≈####
##≈≈§§§≈≈## #### ##≈≈≈ ####+####


You could see an orange crystal statue, 2 polar bears and a yaktaur.

Vanquished Creatures
  2 hippogriffs (D)
  Menkaure (D)
  A crocodile (D)
  4 brain worms (D)
  4 worker ants (D)
12 creatures vanquished.

Notes
Turn   | Place    | Note
--------------------------------------------------------------
     0 | D        | nuthulu the Minotaur Fighter began the quest for the Orb.
     0 | D        | Reached XP level 1. HP: 19/19 MP: 0/0
     1 | D        | Noticed a boulder beetle
     1 | D        | Noticed a boulder beetle
     5 | D        | Noticed a worker ant
     5 | D        | Noticed a worker ant
     5 | D        | Noticed a worker ant
     5 | D        | Noticed a worker ant
     7 | D        | Killed a worker ant
     7 | D        | Reached skill level 5 in Fighting
     7 | D        | Reached skill level 5 in Armour
     7 | D        | Reached skill level 5 in Shields
     7 | D        | Reached XP level 2. HP: 23/29 MP: 1/1
     9 | D        | Killed a worker ant
     9 | D        | Reached skill level 6 in Armour
     9 | D        | Reached XP level 3. HP: 24/37 MP: 2/2
    13 | D        | Killed a worker ant
    13 | D        | Reached XP level 4. HP: 20/44 MP: 3/3
    15 | D        | Killed a worker ant
   247 | D        | Noticed a brain worm
   247 | D        | Noticed a brain worm
   247 | D        | Noticed a brain worm
   247 | D        | Noticed a brain worm
   250 | D        | Killed a brain worm
   250 | D        | Reached skill level 7 in Fighting
   250 | D        | Reached skill level 5 in Maces & Flails
   250 | D        | Reached XP level 5. HP: 44/52 MP: 4/4
   253 | D        | Killed a brain worm
   253 | D        | Reached skill level 8 in Fighting
   261 | D        | Lost intelligence.
   265 | D        | Killed a brain worm
   265 | D        | Reached XP level 6. HP: 49/62 MP: 5/5
   269 | D        | Killed a brain worm
   269 | D        | Reached skill level 9 in Fighting
   327 | D        | Noticed a hippogriff
   327 | D        | Noticed a hippogriff
   339 | D        | Killed a hippogriff
   346 | D        | Killed a hippogriff
   346 | D        | Reached skill level 10 in Fighting
   346 | D        | Reached skill level 10 in Armour
   346 | D        | Reached skill level 10 in Shields
   346 | D        | Reached XP level 7. HP: 25/72 MP: 6/6
   565 | D        | Found Roh Yczu's Jewellery Shop.
   566 | D        | Found Xeimosk's Distillery.
   566 | D        | Found Zeevvimo's Antique Armour Shop.
   566 | D        | Found Mipykk's Antique Armour Boutique.
   566 | D        | Found Coilud's Distillery.
   566 | D        | Found Boarav's Book Shop.
   566 | D        | Found Jynon's Magic Scroll Shop.
   566 | D        | Found Ilip's Food Shop.
   566 | D        | Found Hishoel's Jewellery Boutique.
   566 | D        | Found Kaaceul's Antique Armour Shop.
   566 | D        | Found Pyadeash's Jewellery Boutique.
   567 | D        | Found Cogy's Armour Shop.
   567 | D        | Found Nagunohu's Gadget Boutique.
   567 | D        | Noticed a redback
   568 | D        | Found Erghef's Antique Weapon Boutique.
   568 | D        | Found Yschihurr's General Store.
   569 | D        | Noticed Menkaure
   569 | D        | Noticed a redback
   569 | D        | Noticed an oklob plant
   570 | D        | Noticed a crocodile
   570 | D        | Found Teuzaec's Book Shoppe.
   570 | D        | Noticed a polar bear
   572 | D        | Noticed a polar bear
   587 | D        | Killed Menkaure
   590 | D        | Killed a crocodile
   730 | D        | Noticed a hell hog
   748 | D        | Bought a cloak for 117 gold pieces
   748 | D        | Bought a pair of gloves for 117 gold pieces
   771 | D        | Noticed an orange crystal statue
   782 | D        | Found a glowing golden altar of the Shining One.
   782 | D        | Found a radiant altar of Vehumet.
   782 | D        | Found a bloodstained altar of Trog.
   782 | D        | Found a glowing silver altar of Zin.
   783 | D        | Found a deep blue altar of Sif Muna.
   783 | D        | Found a stormy altar of Qazlal.
   783 | D        | Found a corrupted altar of Lugonu.
   783 | D        | Noticed a polar bear
   784 | D        | Noticed a polar bear
   784 | D        | Noticed a polar bear
   786 | D        | Noticed a yaktaur
   787 | D        | Noticed a wasp
   798 | D        | Slain by a polar bear

Vault maps used:
D:        the_violet_keep_of_menkaure

Action                   |  1- 3 |  4- 6 |  7- 9 || total
-------------------------+-------+-------+-------++-------
Melee: Flail             |     7 |    39 |     8 ||    54
  Use: Potion            |     1 |       |     2 ||     3
